 Dungeon Crawl Stone Soup version 0.27.0-1-g7a089689b8 (webtiles) character file.

Game seed: 8461992042678639889

3093 ZARRMARR the Thrower (level 9, -1/83 HPs)
             Began as a Troll Hunter on Aug 5, 2021.
             Was an Initiate of Ru.
             Slain by an efreet (2 damage)
             ... on level 1 of the Abyss.
             The game lasted 00:52:46 (8333 turns).

ZARRMARR the Thrower (Troll Hunter)                 Turns: 8333, Time: 00:52:47

Health: -1/83      AC:  6    Str: 32 (34) XL:     9   Next: 59%
Magic:  8/8        EV: 10    Int:  4 (7)  God:    Ru [......]
Gold:   291        SH:  0    Dex: 11 (13) Spells: 8/8 levels left

rFire    . . .     SeeInvis .     - Unarmed
rCold    . . .     Faith    .   (no shield)
rNeg     . . .     Spirit   .   b - +1 robe
rPois    .         Reflect  .   (helmet restricted)
rElec    .         Harm     .   L - +0 cloak
rCorr    .         Rampage  .   (gloves unavailable)
Will     +....     Rnd*Rage +   (boots unavailable)
Stlth    ++........             (no amulet)
HPRegen  1.23/turn              B - +6 ring of strength
MPRegen  0.11/turn              z - ring "Ogheb" {Will+ Str+6 Dex+4}

@: attractive, studying Fighting
A: large, unfitting armour, claws 3, regeneration 1, shaggy fur 1, tough skin 1,
[berserk 2], [clumsy 2], [screaming 2], [subdued magic 3]
a: Renounce Religion


You were on level 1 of the Abyss.
You worshipped Ru.
Ru was noncommittal.
You visited 2 branches of the dungeon, and saw 10 of its levels.
You visited the Abyss 1 time.

You collected 424 gold pieces.
You spent 133 gold pieces at shops.

Inventory:

Missiles
 a - 268 stones
 c - 5 large rocks
 d - 2 throwing nets
 h - a curare-tipped dart
 i - 40 poisoned darts
 r - 17 boomerangs (quivered)
Armour
 b - a +1 robe (worn)
 L - a +0 cloak (worn)
Jewellery
 z - the ring "Ogheb" (right claw) {Will+ Str+6 Dex+4}
   (You acquired it on level 5 of the Dungeon)

   [ring of strength]

   Str:       It affects your strength (+6).
   Dex:       It affects your dexterity (+4).
   Will:      It increases your willpower.
 B - a +6 ring of strength (left claw)
 C - a ring of protection from fire
 G - a ring of resist corrosion
 J - a ring of protection from cold
Wands
 t - a wand of polymorph (26)
 x - a wand of iceblast (7)
 I - a wand of acid (4)
Scrolls
 j - a scroll of fog {unknown}
 k - 2 scrolls of fear
 n - 2 scrolls of enchant armour
 q - a scroll of vulnerability
 u - a scroll of brand weapon
 w - a scroll of silence {unknown}
 y - 2 scrolls of torment
 A - 2 scrolls of enchant weapon
 D - a scroll of amnesia {unknown}
Potions
 f - a potion of curing
 g - a potion of resistance {unknown}
 l - a potion of mutation {unknown}
 m - a potion of degeneration
 o - a potion of ambrosia {unknown}
 p - 5 potions of flight
 s - 3 potions of attraction
 v - 2 potions of lignification {unknown}
 E - a potion of berserk rage {unknown}
 H - a potion of haste {unknown}
 K - 2 potions of cancellation {unknown}


   Skills:
 + Level 3.2 Fighting
 + Level 9.1 Throwing
 + Level 3.9 Dodging
 + Level 2.5 Stealth
 + Level 7.1 Unarmed Combat


You had 8 spell levels left.
You didn't know any spells.
Your spell library contained the following spells:

 Spells                   Type           Power      Damage    Failure   Level
 Summon Small Mammal      Summ           0%         N/A       36%         1
 Corpse Rot               Necr/Air       N/A        N/A       52%         2
 Call Canine Familiar     Summ           0%         N/A       77%         3
 Summon Guardian Golem    Hex/Summ       0%         N/A       77%         3
 Dispel Undead            Necr           0%         3d6       99%         4
 Conjure Ball Lightning   Conj/Air       0%         3x3d6     100%        6
 Death Channel            Necr           0%         N/A       100%        6
 Discord                  Hex            0%         N/A       100%        8
 Disjunction              Tloc           0%         N/A       100%        8


Dungeon Overview and Level Annotations

Branches:
Dungeon (9/15)             Temple (1/1) D:6            Lair (0/6) D:8
    Orc: D:9-12

Altars:
Ashenzari
Elyvilon
Hepliaklqana
Makhleb
Nemelex Xobeh
Ru
Trog
Uskayaw
Vehumet
Wu Jian
Xom

Shops:
D:5 ![   D:7 ?

Annotations:
D:8 2 transporters, shadowrider38's ghost, novice MiBe


Innate Abilities, Weirdness & Mutations

You are too large for most types of armour.
You have claws for hands.
Your natural rate of healing is unusually fast.
You are covered in fur. (AC +1)
You have tough skin. (AC +1)
[You often lose your temper in combat.]
[You are very clumsy. (Dex -4)]
[You frequently scream uncontrollably at your foes.]
[Your spells are much easier to cast, but much less powerful.]


Message History

The fireball explodes!
The fireball engulfs you!! The ufetubus closely misses you.
The ufetubus barely misses you.
You hear a roar!
It was a potion of attraction.
You feel attractive to monsters. The ufetubus hits you.
The ufetubus misses you. The efreet gestures at you.
The fireball explodes!
The fireball engulfs you!! The ufetubus closely misses you.
The ufetubus misses you. The efreet is pulled toward you!
Okay, then.
It was a potion of curing.
You feel better. The ufetubus closely misses you. The ufetubus misses you.
The ufetubus hits you but does no damage.
The ufetubus barely misses you.
The ufetubus hits you but does no damage.
The ufetubus barely misses you. The efreet is pulled toward you!
It was a potion of degeneration.
There was something very wrong with that liquid.
You feel weakened.
You feel dopey.
You feel clumsy.
The ufetubus hits you. x2; The ufetubus closely misses you. x2
The efreet hits you with a +1 scimitar of flaming!
The efreet burns you.
The ufetubus hits you but does no damage.
The ufetubus misses you. The ufetubus closely misses you. x2
The efreet gestures at you.
The fireball explodes!
The fireball engulfs you!!
* * * LOW HITPOINT WARNING * * *
The fireball engulfs the ufetubus!!
The ufetubus is burned terribly!
The ufetubus dies!
The fireball engulfs the efreet.
The efreet completely resists.
The ynoxinul is pulled toward you! The ynoxinul is pulled toward you!
The ufetubus is pulled toward you! x2
The ufetubus is engulfed in blazing flames.
The ufetubus dies!
The ynoxinul is pulled toward you! The ufetubus is pulled toward you!
The efreet hits you with a +1 scimitar of flaming!
* * * LOW HITPOINT WARNING * * *
The efreet burns you.
You die...

. . . # # # .#
##.. . ..# ## ##
...# ## #. .. .#
#..# ##.#
.#####.##.#
....#####
..#..#..# #
....#..#.# #.#@##
. #.#....####.#R3#
..#..... #
#..°5#.# ##......#
##°..#.# ..#.
.5.55.#..##.#.
.##.. .. ##..#....
##. ..#
.##..#..###..# .
.# .. #..# .#.#
#.#
..##.#.....#.#.#.#
..#


You could see an efreet, a ynoxinul and an ufetubus (summoned).

Vanquished Creatures
  Maurice (D:8)
  A troll (D:9)
  A water moccasin (D:7)
  Duvessa (D:4)
  A sky beast (D:8)
  3 orc warriors (D:8)
  2 black bears
  An ogre (D:6)
  A centaur (D:8)
  Blork the orc (D:4)
  A kobold brigand (D:9)
  3 scorpions
  A gnoll sergeant (D:7)
  Dowan (D:4)
  2 water moccasin skeletons
  2 lava snakes (D:7)
  2 bullfrog zombies
  2 centaur zombies
  5 hounds
  A jelly (D:7)
  A bullfrog skeleton (D:5)
  4 orc priests
  A centaur skeleton (D:3)
  4 iguanas
  5 orc wizards
  2 killer bee zombies
  A hound skeleton (D:4)
  A mummy (D:7)
  A howler monkey zombie (D:8)
  3 adders
  3 gnolls (D:7)
  A shadow imp (D:5)
  2 white imps
  An ufetubus (D:4)
  3 worms
  A dart slug (D:1)
  33 orcs
  5 endoplasms
  3 giant cockroaches
  9 goblins
  6 hobgoblins
  9 jackals
  15 kobolds
  3 quokkas (D:4)
  5 ball pythons
  6 bats
  2 frilled lizards (D:1)
  A hobgoblin zombie (D:7)
  3 kobold zombies (D:7)
  3 rats
170 creatures vanquished.

Vanquished Creatures (others)
  A plant (D:5)
1 creature vanquished.

Grand Total: 171 creatures vanquished

Notes
Turn   | Place    | Note
-------+----------+-------------------------------------------
     0 | D:1      | ZARRMARR the Troll Hunter began the quest for the Orb.
     0 | D:1      | Reached XP level 1. HP: 19/19 MP: 0/0
   182 | D:1      | Reached XP level 2. HP: 26/27 MP: 1/1
   377 | D:1      | Reached skill level 4 in Throwing
   713 | D:2      | You fall into a shaft and drop 2 floors!
   737 | D:3      | Reached XP level 3. HP: 31/35 MP: 2/2
   855 | D:3      | Found a faded altar of an unknown god.
   862 | D:3      | Reached skill level 1 in Unarmed Combat
   867 | D:3      | Reached XP level 4. HP: 33/42 MP: 3/3
  1504 | D:4      | Noticed Duvessa
  1507 | D:4      | Noticed Dowan
  1610 | D:4      | Reached XP level 5. HP: 49/49 MP: 4/4
  1734 | D:4      | Killed Duvessa
  1735 | D:4      | Reached skill level 1 in Stealth
  1770 | D:4      | Killed Dowan
  1771 | D:4      | Reached XP level 6. HP: 14/57 MP: 5/5
  2178 | D:4      | Noticed Blork the orc
  2190 | D:4      | Killed Blork the orc
  2191 | D:4      | Reached skill level 5 in Throwing
  2191 | D:4      | Reached XP level 7. HP: 44/65 MP: 6/6
  3344 | D:5      | Entered Level 5 of the Dungeon
  3422 | D:5      | Reached skill level 5 in Unarmed Combat
  3958 | D:5      | Found Tiasmara's Distillery.
  3986 | D:5      | Found Ontujag's Antique Armour Shop.
  4119 | D:5      | Found a shimmering altar of Xom.
  4119 | D:5      | Found a hide-covered altar of Uskayaw.
  4198 | D:5      | Identified 2 scrolls of acquirement
  4198 | D:5      | Acquired the ring "Ogheb" {Will+ Str+6 Dex+4}
  4482 | D:6      | Found a staircase to the Ecumenical Temple.
  4487 | Temple   | Entered the Ecumenical Temple
  4513 | Temple   | Became a worshipper of Ru the Awakened
  4798 | D:6      | Reached skill level 6 in Throwing
  4802 | D:6      | Reached XP level 8. HP: 72/72 MP: 7/7
  5508 | D:7      | Reached skill level 7 in Throwing
  5760 | D:7      | HP: 3/72 [gnoll sergeant (2)]
  5761 | D:7      | HP: 1/72 [gnoll sergeant (1)]
  6124 | D:7      | Found Ufunimyt's Magic Scroll Shoppe.
  6242 | D:7      | Bought a scroll of identify for 28 gold pieces
  6566 | D:7      | Bought a scroll of enchant armour for 105 gold pieces
  6658 | D:8      | Noticed Maurice
  6737 | D:8      | Found a transporter.
  6765 | D:8      | Noticed shadowrider38's ghost (novice MiBe)
  6777 | D:8      | Found a transporter.
  7165 | D:8      | Found a staircase to the Lair.
  7188 | D:8      | Reached XP level 9. HP: 36/80 MP: 8/8
  7386 | D:8      | Acquired a manual of Fighting
  7459 | D:9      | Reached skill level 8 in Throwing
  7531 | D:9      | Noticed a troll
  7535 | D:9      | Killed a troll
  7774 | D:8      | Killed Maurice
  8003 | D:8      | Reached skill level 9 in Throwing
  8166 | D:9      | Cast into level 1 of the Abyss (orc warrior)
  8215 | Abyss:1  | Noticed a worldbinder
  8218 | Abyss:1  | Noticed an ancient zyme
  8265 | Abyss:1  | Noticed a wretched star
  8279 | Abyss:1  | Noticed a hellwing
  8280 | Abyss:1  | Found a corrupted altar of Lugonu.
  8325 | Abyss:1  | Noticed an efreet
  8333 | Abyss:1  | HP: 1/83 [efreet (13)]
  8333 | Abyss:1  | Slain by an efreet

Illustrated notes

Levels and vault maps discovered:
D:1:      saegor_arrival_simple_d, layout_basic, chequers_serial_rivers_room_b
D:2:      layout_basic, grunt_ministairs_10
D:3:      layout_rooms, shapermc_ecumenical_altar_starsandcircs,
          kennysheep_generic_room_9
D:4:      layout_rooms, dk_noncrumbling_2, uniq_blork_the_orc, uniq_duvessa
D:5:      layout_basic, gammafunk_temple_overflow_pools, serial_shops,
          nicolae_shop_overgrown_old_shop, shop
D:6:      layout_basic, temple_doors_cd, minmay_a_box_with_orc_wizards_in_it
D:7:      layout_basic, serial_park_tiny_1, grunt_ministairs_9,
          nicolae_inconvenience_store, minmay_mini_ossuary
D:8:      layout_cave_pools, dpeg_oklobed_lair, gammafunk_ghost_mausoleum,
          uniq_maurice
D:9:      layout_cave_pools, david_orc_4
Temple:   eino_narrow_crystal_temple
Abyss:1:  base: D:8, hangedman_cross_veins

Skill      XL: |  1  2  3  4  5  6  7  8  9 |
---------------+----------------------------+-----
Throwing       | 4 5 6 7 9 |  9.1
Unarmed Combat | 1 2 3 4 5 6 7 |  7.1
Dodging        | 2 3 |  3.9
Stealth        | 1 2 |  2.5
Fighting       | 2 3 |  3.2

Action                   |  1- 3 |  4- 6 |  7- 9 || total
-------------------------+-------+-------+-------++-------
Melee: Unarmed           |    75 |   117 |   171 ||   363
       Punch             |       |     1 |     6 ||     7
Throw: Stone             |    60 |    48 |    13 ||   121
       Large rock        |       |     1 |     9 ||    10
       Boomerang         |       |       |   179 ||   179
       Dart              |       |       |    16 ||    16
Invok: Reject Sacrifices |       |       |     1 ||     1
  Use: Scroll            |       |       |    15 ||    15
       Potion            |       |       |     6 ||     6
 Stab: Sleeping          |     1 |     2 |     4 ||     7
Armor: Robe              |    25 |    24 |    39 ||    88
Dodge: Dodged            |    32 |    43 |   122 ||   197
